 Dungeon Crawl Stone Soup version 0.24-a0-459-g225fefd530 (webtiles) character file.

Game seed: 13914375139031774761

2628 Peloso the Carver (level 9, -3/78 HPs)
             Began as a Minotaur Fighter on June 29, 2019.
             Was a Believer of Okawaru.
             Slain by a wolf (9 damage)
             ... led by Grum
             ... on level 8 of the Dungeon.
             The game lasted 00:11:32 (6830 turns).

Peloso the Carver (Minotaur Fighter)                Turns: 6830, Time: 00:11:33

Health: -3/78      AC: 10    Str: 23    XL:     9   Next: 35%
Magic:  8/8        EV: 12    Int:  5    God:    Okawaru [**....]
Gold:   402        SH: 11    Dex: 11    Spells: 8/8 levels left

rFire    x . .     SeeInvis .   a - +0 long sword
rCold    + + .     Gourm    .   c - +0 shield
rNeg     . . .     Faith    .   A - +5 leather armour of Omission {*Slow rPois rC+}
rPois    +         Spirit   .   (helmet restricted)
rElec    .         Reflect  .   g - +0 cloak
rCorr    .         Harm     .   (no gloves)
MR       .....                  (no boots)
Stlth    +.........             (no amulet)
HPRegen  0.23/turn              x - ring of ice
MPRegen  0.11/turn              (no ring)

@: no status effects
A: retaliatory headbutt, horns 2
a: Heroism, Renounce Religion


You were on level 8 of the Dungeon.
You worshipped Okawaru.
Okawaru was pleased with you.
You were not hungry.

You visited 2 branches of the dungeon, and saw 9 of its levels.

You collected 402 gold pieces.

Inventory:

Hand Weapons
 a - a +0 long sword (weapon)
Missiles
 u - 28 poisoned darts (quivered)
Armour
 b - a +0 scale mail
 c - a +0 shield (worn)
 g - a +0 cloak (worn)
 A - the +5 leather armour of Omission (worn) {*Slow rPois rC+}
   (You found it on level 5 of the Dungeon)

   It protects you from cold.
   It protects you from poison.
   It may slow you when you take damage.
Jewellery
 x - a ring of ice (left hand)
 B - an uncursed amulet of harm {unknown}
Wands
 y - a wand of paralysis (10)
 D - a wand of polymorph (8)
Scrolls
 k - a scroll of magic mapping {unknown}
 l - a scroll of fog {unknown}
 n - 9 scrolls of remove curse {unknown}
 p - a scroll of teleportation {unknown}
 q - 3 scrolls of identify {unknown}
 r - a scroll of enchant weapon {unknown}
 t - 2 scrolls of immolation {unknown}
 w - 4 scrolls of blinking {unknown}
 C - a scroll of noise {unknown}
Potions
 d - a potion of might
 e - 3 potions of brilliance {unknown}
 h - 2 potions of agility {unknown}
 i - 2 potions of magic {unknown}
 j - 2 potions of degeneration {unknown}
 m - a potion of ambrosia {unknown}
 o - 5 potions of curing {unknown}
 s - 2 potions of flight {unknown}
 v - 3 potions of mutation {unknown}
 z - 2 potions of heal wounds {unknown}
Comestibles
 f - 8 rations


   Skills:
 + Level 6.9 Fighting
 + Level 9.7 Long Blades
 + Level 6.8 Armour
 + Level 4.1 Dodging
 + Level 1.7 Stealth
 + Level 7.8 Shields


You had 8 spell levels left.
You didn't know any spells.
Your spell library was empty.

Dungeon Overview and Level Annotations

Branches:
Dungeon (8/15)             Temple (1/1) D:6
   Lair: D:8-11

Altars:
Ashenzari
Cheibriados
Fedhas
Gozag
Hepliaklqana
Kikubaaqudgha
Nemelex Xobeh
Okawaru
Vehumet
Wu Jian
Xom
Zin
The Shining One

Annotations:
D:7 Dowan, Duvessa
D:8 Joseph


Innate Abilities, Weirdness & Mutations

You reflexively headbutt those who attack you in melee.
You have a pair of horns on your head.


Message History

The wolf is moderately wounded.
The wolf bites you.
* * * LOW HITPOINT WARNING * * *
You see here a sling bullet.
The wolf barely misses you.
A bullfrog comes into view.
The wolf bites you but does no damage. You block the wolf's attack.
An ogre comes into view. It is wielding a +0 giant club.
The wolf bites you but does no damage. You block the wolf's attack.
The wolf bites you but does no damage. The wolf bites you.
* * * LOW HITPOINT WARNING * * *
The wolf closely misses you. You furiously retaliate!
You headbutt the wolf, but do no damage.
The ogre shouts!
The wolf bites you.
* * * LOW HITPOINT WARNING * * *
You block the wolf's attack. The wolf bites you!
* * * LOW HITPOINT WARNING * * *
The wolf bites you!
You die...

#
####.############
.......@...O....#
####.##hh#####.##
#.##s@# #....F#
....##((# ...
#h.# ....##..####
...........#
###.....h......


You could see Joseph, an ogre, 3 wolves, a bullfrog and a scorpion.

Vanquished Creatures
  Pikel (D:7)
  Grinder (D:2)
  A hippogriff (D:7)
  A phantom (D:7)
  An ice beast (D:7)
  2 slaves (D:7)
  A centaur (D:6)
  2 bullfrogs
  A gnoll sergeant (D:5)
  2 scorpions (D:5)
  3 killer bees (D:5)
  3 wights (D:7)
  4 howler monkeys
  A crimson imp (D:7)
  2 gnoll shamans (Temple)
  A hound (D:6)
  An orc priest (D:7)
  A bullfrog zombie (D:6)
  An iguana (D:5)
  7 worker ants
  A worker ant zombie (D:5)
  A howler monkey zombie (D:6)
  25 gnolls
  3 adders
  3 shadow imps
  4 oozes
  2 adder skeletons (D:7)
  3 worms
  A dart slug (D:1)
  5 leopard geckos
  3 orcs
  6 giant cockroaches
  11 hobgoblins
  8 jackals
  10 kobolds
  2 ball pythons
  9 bats
  4 frilled lizards
  A giant cockroach zombie (D:5)
  7 goblins
  A jackal zombie (D:5)
  A quokka skeleton (D:4)
  10 rats
158 creatures vanquished.

Vanquished Creatures (others)
  2 slaves (D:7)
  3 orcs (D:7)
  A fungus (D:3)
6 creatures vanquished.

Grand Total: 164 creatures vanquished

Notes
Turn   | Place    | Note
-------+----------+-------------------------------------------
     0 | D:1      | Peloso the Minotaur Fighter began the quest for the Orb.
     0 | D:1      | Reached XP level 1. HP: 19/19 MP: 0/0
   205 | D:1      | Reached XP level 2. HP: 25/27 MP: 1/1
   593 | D:1      | Reached XP level 3. HP: 33/33 MP: 2/2
   647 | D:1      | Reached skill level 3 in Long Blades
   822 | D:2      | Found an ornate altar of the Wu Jian Council.
   822 | D:2      | Found an opulent altar of Gozag.
   980 | D:2      | Reached XP level 4. HP: 40/40 MP: 3/3
  1317 | D:3      | Noticed Grinder
  1318 | D:3      | Reached skill level 4 in Long Blades
  1318 | D:3      | Paralysed by Grinder for 4 turns
  1444 | D:2      | Killed Grinder
  1444 | D:2      | Reached skill level 5 in Long Blades
  1444 | D:2      | Reached XP level 5. HP: 7/47 MP: 4/4
  1444 | D:2      | Reached XP level 6. HP: 8/53 MP: 5/5
  1836 | D:3      | Found a blossoming altar of Fedhas.
  1850 | D:3      | Reached skill level 5 in Armour
  2262 | D:3      | Reached skill level 5 in Shields
  2479 | D:4      | Reached skill level 1 in Dodging
  2496 | D:4      | Reached skill level 6 in Long Blades
  2496 | D:4      | Reached XP level 7. HP: 55/60 MP: 6/6
  2558 | D:4      | Reached skill level 5 in Fighting
  2956 | D:4      | Found a shattered altar of Ashenzari.
  3114 | D:5      | Entered Level 5 of the Dungeon
  3305 | D:5      | Got a transparent leather armour
  3318 | D:5      | Identified the +5 leather armour of Omission {*Slow rPois
                  | rC+} (You found it on level 5 of the Dungeon)
  3922 | D:5      | Reached skill level 7 in Long Blades
  3941 | D:6      | Found a shattered altar of Ashenzari.
  4011 | D:6      | Reached XP level 8. HP: 51/69 MP: 7/7
  4479 | D:5      | HP: 2/70 [worker ant (2)]
  4487 | D:5      | HP: 1/70 [poisoned by a worker ant]
  4989 | D:6      | Reached skill level 8 in Long Blades
  5041 | D:6      | Found a staircase to the Ecumenical Temple.
  5055 | Temple   | Entered the Ecumenical Temple
  5080 | Temple   | Became a worshipper of Warmaster Okawaru
  5329 | D:6      | Reached skill level 1 in Stealth
  5501 | D:6      | Found a shimmering altar of Xom.
  5681 | D:6      | Found a glowing silver altar of Zin.
  5832 | D:7      | Noticed Pikel
  5868 | D:7      | Killed Pikel
  5868 | D:7      | Reached * piety under Okawaru
  5868 | D:7      | Reached XP level 9. HP: 17/78 MP: 8/8
  6140 | D:7      | Reached skill level 9 in Long Blades
  6730 | D:7      | Reached ** piety under Okawaru
  6749 | D:7      | Noticed Joseph
  6764 | D:7      | Found a sparkling altar of Nemelex Xobeh.
  6796 | D:7      | Noticed Duvessa
  6798 | D:7      | Noticed Dowan
  6830 | D:8      | Slain by a wolf

Levels and vault maps discovered:
D:1:      dpeg_arrival_circle_labyrinth_c, layout_basic
D:2:      layout_rooms, gammafunk_temple_overflow_wave
D:3:      layout_basic, fedhas_altar_3, uniq_grinder
D:4:      layout_basic, kennysheep_mini
D:5:      layout_gridville, first_ration
D:6:      layout_cave_pools, lemuel_coloured_pillars_altar, marbit_many_paths,
          minmay_temple_entry_overgrown, serial_park, serial_park_avenue1,
          ashenzari_altar_1
D:7:      layout_rooms, kennysheep_little_box, basic_altar, uniq_harold,
          uniq_pikel, uniq_duvessa, uniq_joseph
D:8:      layout_basic, overflow_temple_1_default, special_room
          [special_room_kobold], serial_shops, shop, corexii_corridor_pit,
          hangedman_ranch [blue_anna_fruit_fields], grunt_decor_fettered,
          minmay_microvault, uniq_grum
Temple:   dshaligram_water_room_temple

Skill      XL: |  1  2  3  4  5  6  7  8  9 |
---------------+----------------------------+-----
Shields        | 4 5 6 7 |  7.8
Armour         | 4 5 6 |  6.8
Fighting       | 4 5 6 |  6.9
Long Blades    | 3 5 6 7 8 9 |  9.7
Dodging        | 1 3 4 |  4.1
Stealth        | 1 |  1.7

Action                   |  1- 3 |  4- 6 |  7- 9 || total
-------------------------+-------+-------+-------++-------
Melee: Long sword        |    83 |   121 |   295 ||   499
       Headbutt          |    13 |    26 |    75 ||   114
       Unarmed           |       |       |    10 ||    10
  Use: Potion            |       |     1 |       ||     1
  Eat: Chunk             |       |     5 |     8 ||    13
       Ration            |       |       |     2 ||     2
Armor: Scale mail        |    34 |    46 |    11 ||    91
       Leather armour    |       |       |    71 ||    71
       Skin              |       |       |    11 ||    11
Dodge: Dodged            |    25 |    47 |   141 ||   213
Block: Shield            |    34 |    76 |   191 ||   301
       Rpst.: Long sword |     2 |    12 |    38 ||    52

Table legend:
 A = Non-vault XP
 B = Vault XP
 C = Vault XP percentage of total XP
 D = Non-vault monster count
 E = Vault monster count
 F = Vault count percentage of total count
                 A         B        C        D         E       F
            +---------+---------+-------+---------+---------+-------
      Total |    2805 |     950 |  25.3 |     153 |       3 |   1.9
            +---------+---------+-------+---------+---------+-------
        D:1 |      56 |       0 |   0.0 |      32 |       0 |   0.0
        D:2 |      68 |     272 |  80.0 |      20 |       1 |   4.8
        D:3 |     186 |       0 |   0.0 |      28 |       0 |   0.0
        D:4 |     306 |       0 |   0.0 |      19 |       0 |   0.0
        D:5 |     714 |       0 |   0.0 |      18 |       0 |   0.0
        D:6 |     342 |      15 |   4.2 |      14 |       1 |   6.7
        D:7 |    1003 |     663 |  39.8 |      17 |       1 |   5.6
     Temple |     130 |       0 |   0.0 |       5 |       0 |   0.0
            +---------+---------+-------+---------+---------+-------
